PAAA
SYRACUSE STARKS @ HARTFORD PRIDE
06/18/2056
 
TOP OF THE 1ST
Syracuse Starks batting - Pitching for Hartford Pride : RHP Bob Wicks
Pitching: RHP Bob Wicks
Batting: RHB Matt Dunham 0-0: Ball
1-0: Foul Ball, location: 2F
1-1: Ball
2-1: Ball
3-1: Base on Balls
Batting: RHB Roberto Alcoholado 0-0: Foul Ball, location: 2F
0-1: Ball
1-1: Foul Ball, location: 2F
1-2: Ball
2-2: Foul Ball, location: 2F
2-2: Foul Ball, location: 2F
2-2: Foul Ball, location: 2F
2-2: Foul Ball, location: 2F
2-2: Fly out, F8 (Flyball, 8RM, EV 82.5 MPH)
Batting: LHB Bill Strong 0-0: Called Strike
0-1: Fielders Choice at 2nd, 4-6 (Groundball, 34D, EV 100.0 MPH)
Batting: SHB Bill Gatacre 0-0: Ball
1-0: Called Strike
1-1: Ball
2-1: Fly out, F9 (Flyball, 9, EV 84.4 MPH)
Top of the 1st over - 0 runs, 0 hits, 0 errors, 1 left on base; Syracuse 0 - Hartford 0
BOTTOM OF THE 1ST
Hartford Pride batting - Pitching for Syracuse Starks : RHP Steve Ward
Pitching: RHP Steve Ward
Batting: RHB Okakura Samurakami 0-0: SINGLE (Groundball, 34, EV 103.1 MPH)
Batting: LHB Mario Rodríguez 0-0: Ball
1-0: Ball
2-0: Ball
3-0: Called Strike
3-1: Called Strike
Okakura Samurakami is caught stealing 2nd base 2-6
3-2: Fly out, F7 (Flyball, 7, EV 90.6 MPH)
Batting: RHB Koryusai Maejima 0-0: Ball
1-0: Foul Ball, location: 2F
1-1: Called Strike
1-2: Fly out, F7 (Flyball, 7LS, EV 85.6 MPH)
Bottom of the 1st over - 0 runs, 1 hit, 0 errors, 0 left on base; Syracuse 0 - Hartford 0
TOP OF THE 2ND
Syracuse Starks batting - Pitching for Hartford Pride : RHP Bob Wicks
Batting: RHB Justin Armstrong 0-0: Foul Ball, location: 2F
0-1: Foul Ball, location: 2F
0-2: Fly out, F9 (Flyball, 9LM, EV 96.2 MPH)
Batting: RHB Eldon Church 0-0: Swinging Strike
0-1: Swinging Strike
0-2: Ball
1-2: Foul Ball, location: 2F
1-2: Strikes out looking
Batting: LHB Wayne Narborough 0-0: Fly out, F9 (Flyball, 9D, EV 95.0 MPH)
Top of the 2nd over - 0 runs, 0 hits, 0 errors, 0 left on base; Syracuse 0 - Hartford 0
BOTTOM OF THE 2ND
Hartford Pride batting - Pitching for Syracuse Starks : RHP Steve Ward
Batting: RHB Michael Jones 0-0: Called Strike
0-1: DOUBLE (Groundball, 5L, EV 106.2 MPH)
Batting: RHB Brenden Aaronson 0-0: Swinging Strike
0-1: Foul Ball, location: 2F
0-2: Strikes out swinging
Batting: SHB Hsien-feng Wa 0-0: Ball
1-0: Ball
2-0: Ball
3-0: Called Strike
3-1: Base on Balls
Batting: RHB James Hall 0-0: Hit by Pitch
Michael Jones to third
Hsien-feng Wa to second
Batting: SHB Elvin Cook 0-0: Ball
1-0: Ball
2-0: Swinging Strike
2-1: Called Strike
2-2: Fielders Choice at 2nd, 4-6 (Groundball, 4, EV 86.9 MPH)
Michael Jones scores
Hsien-feng Wa to third
Batting: SHB Ray Reed 0-0: Ground out U3 (Groundball, 3, EV 104.4 MPH)
Bottom of the 2nd over - 1 run, 1 hit, 0 errors, 2 left on base; Syracuse 0 - Hartford 1
TOP OF THE 3RD
Syracuse Starks batting - Pitching for Hartford Pride : RHP Bob Wicks
Batting: RHB Kauno Sihvonen 0-0: Called Strike
0-1: Ball
1-1: Ground out 6-3 (Groundball, P, EV 85.6 MPH)
Batting: RHB Ramiro Rivera 0-0: Swinging Strike
0-1: Ball
1-1: Ball
2-1: Foul Ball, location: 2F
2-2: Strikes out looking
Batting: RHB Matt Dunham 0-0: Ball
1-0: Foul Ball, location: 2F
1-1: Called Strike
1-2: Ball
2-2: Foul Ball, location: 2F
2-2: Strikes out looking
Top of the 3rd over - 0 runs, 0 hits, 0 errors, 0 left on base; Syracuse 0 - Hartford 1
BOTTOM OF THE 3RD
Hartford Pride batting - Pitching for Syracuse Starks : RHP Steve Ward
Batting: RHB Okakura Samurakami 0-0: Ball
1-0: Called Strike
1-1: Called Strike
1-2: Ball
2-2: Strikes out swinging, 2-3 out at first.
Batting: LHB Mario Rodríguez 0-0: Ball
1-0: Foul Ball, location: 2F
1-1: Hit by Pitch
Batting: RHB Koryusai Maejima 0-0: Called Strike
0-1: Grounds into double play, 5-4-3 (Groundball, 5S, EV 82.5 MPH)
Bottom of the 3rd over - 0 runs, 0 hits, 0 errors, 0 left on base; Syracuse 0 - Hartford 1
TOP OF THE 4TH
Syracuse Starks batting - Pitching for Hartford Pride : RHP Bob Wicks
Batting: RHB Roberto Alcoholado 0-0: Ball
1-0: Swinging Strike
1-1: Foul Ball, location: 2F
1-2: Ball
2-2: Foul Ball, location: 2F
2-2: Foul Ball, location: 2F
2-2: Ball
3-2: Strikes out looking
Batting: LHB Bill Strong 0-0: SINGLE (Groundball, 34D, EV 99.4 MPH)
Batting: SHB Bill Gatacre 0-0: SINGLE (Line Drive, 56D, EV 95.0 MPH)
Bill Strong to second
Batting: RHB Justin Armstrong 0-0: Ball
1-0: Foul Ball, location: 2F
1-1: Ball
2-1: SINGLE (Line Drive, 78M, EV 89.4 MPH)
Bill Strong to third
Bill Gatacre to second
Batting: RHB Eldon Church 0-0: Called Strike
0-1: Ball
1-1: Swinging Strike
1-2: Foul Ball, location: 2F
1-2: Strikes out looking
Batting: LHB Wayne Narborough 0-0: Foul Ball, location: 2F
0-1: Ball
1-1: Ball
2-1: Foul Ball, location: 2F
2-2: Foul Ball, location: 2F
2-2: Foul Ball, location: 2F
2-2: Foul Ball, location: 2F
2-2: Foul Ball, location: 2F
2-2: Foul Ball, location: 2F
2-2: Fly out, F9 (Flyball, 89M, EV 80.6 MPH)
Top of the 4th over - 0 runs, 3 hits, 0 errors, 3 left on base; Syracuse 0 - Hartford 1
BOTTOM OF THE 4TH
Hartford Pride batting - Pitching for Syracuse Starks : RHP Steve Ward
Batting: RHB Michael Jones 0-0: Foul Ball, location: 2F
0-1: Ball
1-1: Ball
2-1: Ball
3-1: Foul Ball, location: 2F
3-2: Strikes out swinging
Batting: RHB Brenden Aaronson 0-0: Ball
1-0: Called Strike
1-1: Ground out 1-3 (Groundball, 13S, EV 68.8 MPH)
Batting: SHB Hsien-feng Wa 0-0: Called Strike
0-1: Foul Ball, location: 2F
0-2: Ball
1-2: Foul Ball, location: 2F
1-2: Foul Ball, location: 2F
1-2: Strikes out looking
Bottom of the 4th over - 0 runs, 0 hits, 0 errors, 0 left on base; Syracuse 0 - Hartford 1
TOP OF THE 5TH
Syracuse Starks batting - Pitching for Hartford Pride : RHP Bob Wicks
Batting: RHB Kauno Sihvonen 0-0: Ball
1-0: Ball
2-0: Ball
3-0: Called Strike
3-1: Ground out 5-3 (Groundball, 56, EV 101.2 MPH)
Batting: RHB Ramiro Rivera 0-0: Swinging Strike
0-1: Foul Ball, location: 2F
0-2: Foul Ball, location: 2F
0-2: Strikes out looking
Batting: RHB Matt Dunham 0-0: Ground out 1-3 (Groundball, 15S, EV 70.0 MPH)
Top of the 5th over - 0 runs, 0 hits, 0 errors, 0 left on base; Syracuse 0 - Hartford 1
BOTTOM OF THE 5TH
Hartford Pride batting - Pitching for Syracuse Starks : RHP Steve Ward
Batting: RHB James Hall 0-0: Swinging Strike
0-1: Ball
1-1: Ball
2-1: Called Strike
2-2: Fly out, F9 (Line Drive, 9, EV 87.5 MPH)
Batting: SHB Elvin Cook 0-0: Ball
1-0: Ball
2-0: Ground out U3 (Groundball, 23, EV 83.1 MPH)
Batting: SHB Ray Reed 0-0: Fly out, F8 (Flyball, 8RD, EV 92.5 MPH)
Bottom of the 5th over - 0 runs, 0 hits, 0 errors, 0 left on base; Syracuse 0 - Hartford 1
TOP OF THE 6TH
Syracuse Starks batting - Pitching for Hartford Pride : RHP Bob Wicks
Pitching: RHP Rodger Asmus
Batting: RHB Roberto Alcoholado 0-0: Reached on error, E5 (Groundball, 5S, EV 83.8 MPH)
Batting: LHB Bill Strong 0-0: Ball
1-0: Foul Ball, location: 2F
1-1: Foul Ball, location: 2F
1-2: Hit by Pitch
Batting: SHB Bill Gatacre 0-0: Swinging Strike
0-1: Fly out, F3 (Line Drive, 3, EV 70.0 MPH)
Batting: RHB Justin Armstrong 0-0: Ball
1-0: Swinging Strike
1-1: Ball
2-1: Swinging Strike
2-2: Strikes out looking
Batting: RHB Eldon Church 0-0: Fielders Choice at 2nd, 6-4 (Groundball, 56, EV 81.2 MPH)
Top of the 6th over - 0 runs, 0 hits, 1 error, 2 left on base; Syracuse 0 - Hartford 1
BOTTOM OF THE 6TH
Hartford Pride batting - Pitching for Syracuse Starks : RHP Steve Ward
Batting: RHB Okakura Samurakami 0-0: Ball
1-0: Foul Ball, location: 2F
1-1: Called Strike
1-2: Foul Ball, location: 2F
1-2: SINGLE (Groundball, 6D, EV 102.5 MPH)
Batting: LHB Mario Rodríguez 0-0: Called Strike
0-1: Sac Bunt to 56S - play at first, batter safe!
Okakura Samurakami to second
Batting: RHB Koryusai Maejima 0-0: Ball
1-0: Ball
2-0: Fly out, F9 (Flyball, 89M, EV 94.4 MPH)
Batting: RHB Michael Jones 0-0: Swinging Strike
0-1: Swinging Strike
0-2: Ball
1-2: Foul Ball, location: 2F
1-2: Strikes out swinging
Batting: RHB Brenden Aaronson 0-0: Ball
1-0: Swinging Strike
1-1: Ball
2-1: Called Strike
2-2: Fielders Choice at 2nd, 6-4 (Groundball, 6, EV 84.4 MPH)
Bottom of the 6th over - 0 runs, 2 hits, 0 errors, 2 left on base; Syracuse 0 - Hartford 1
TOP OF THE 7TH
Syracuse Starks batting - Pitching for Hartford Pride : RHP Rodger Asmus
Batting: LHB Wayne Narborough 0-0: Ball
1-0: Foul Ball, location: 2F
1-1: Fly out, F9 (Flyball, 89S, EV 95.0 MPH)
Batting: RHB Kauno Sihvonen 0-0: Ball
1-0: Swinging Strike
1-1: Ball
2-1: Swinging Strike
2-2: Strikes out swinging
Batting: RHB Ramiro Rivera 0-0: Ball
1-0: Foul Ball, location: 2F
1-1: Fly out, F8 (Flyball, 78M, EV 91.9 MPH)
Top of the 7th over - 0 runs, 0 hits, 0 errors, 0 left on base; Syracuse 0 - Hartford 1
BOTTOM OF THE 7TH
Hartford Pride batting - Pitching for Syracuse Starks : RHP Steve Ward
Batting: SHB Hsien-feng Wa 0-0: Ball
1-0: Foul Ball, location: 2F
1-1: SINGLE (Groundball, 4MD, EV 95.0 MPH)
Batting: RHB James Hall 0-0: Sac Bunt to 15S - play at first, batter OUT! 1-3
Hsien-feng Wa to second
Batting: SHB Elvin Cook 0-0: Intentional Walk
Batting: SHB Ray Reed 0-0: Ball
1-0: Fielders Choice at 2nd, 3-6 (Groundball, 34S, EV 88.8 MPH)
Hsien-feng Wa to third
Batting: RHB Okakura Samurakami 0-0: Ball
1-0: Ball
Wild Pitch!
Hsien-feng Wa scores
Ray Reed to second
2-0: Foul Ball, location: 2F
2-1: Swinging Strike
2-2: Strikes out swinging
Bottom of the 7th over - 1 run, 1 hit, 0 errors, 1 left on base; Syracuse 0 - Hartford 2
TOP OF THE 8TH
Syracuse Starks batting - Pitching for Hartford Pride : RHP Rodger Asmus
Batting: RHB Matt Dunham 0-0: Foul Ball, location: 2F
0-1: Fly out, F7 (Flyball, 7, EV 80.6 MPH)
Batting: RHB Roberto Alcoholado 0-0: Ball
1-0: Ball
2-0: Called Strike
2-1: SINGLE (Groundball, 3D, EV 102.5 MPH)
Batting: LHB Bill Strong 0-0: Foul Ball, location: 2F
0-1: Called Strike
0-2: Ball
1-2: Strikes out swinging
Batting: SHB Bill Gatacre 0-0: Ball
Wild Pitch!
Roberto Alcoholado to second
1-0: Swinging Strike
1-1: Ball
2-1: Swinging Strike
2-2: Strikes out looking
Top of the 8th over - 0 runs, 1 hit, 0 errors, 1 left on base; Syracuse 0 - Hartford 2
BOTTOM OF THE 8TH
Hartford Pride batting - Pitching for Syracuse Starks : RHP Steve Ward
Batting: LHB Mario Rodríguez 0-0: Foul Ball, location: 2F
0-1: Ball
1-1: Foul Ball, location: 2F
1-2: Ball
2-2: Ball
3-2: Base on Balls
Pitching: RHP Mario Méndez
Batting: RHB Koryusai Maejima 0-0: Ball
1-0: Ball
2-0: Ball
3-0: Called Strike
3-1: Foul Ball, location: 2F
3-2: Fielders Choice at 2nd, 4-6 (Groundball, 4, EV 85.6 MPH)
Batting: RHB Michael Jones 0-0: Ball
1-0: Called Strike
1-1: Ball
2-1: Called Strike
2-2: Strikes out swinging
Batting: RHB Brenden Aaronson 0-0: Swinging Strike
0-1: Fly out, F8 (Flyball, 78S, EV 90.0 MPH)
Bottom of the 8th over - 0 runs, 0 hits, 0 errors, 1 left on base; Syracuse 0 - Hartford 2
TOP OF THE 9TH
Syracuse Starks batting - Pitching for Hartford Pride : RHP Rodger Asmus
Pitching: RHP Matt Jenkins
Batting: RHB Justin Armstrong 0-0: Ball
1-0: Ball
2-0: Fly out, F7 (Line Drive, 7, EV 93.8 MPH)
Batting: RHB Eldon Church 0-0: Swinging Strike
0-1: Foul Ball, location: 2F
0-2: Ball
1-2: Strikes out swinging
Batting: LHB Wayne Narborough 0-0: Foul Ball, location: 2F
0-1: Ball
1-1: Swinging Strike
1-2: SOLO HOME RUN (Line Drive, 7D, EV 103.8 MPH), Distance : 388 ft
Batting: RHB Kauno Sihvonen 0-0: Ball
1-0: Called Strike
1-1: Called Strike
1-2: Strikes out swinging
Top of the 9th over - 1 run, 1 hit, 0 errors, 0 left on base; Syracuse 1 - Hartford 2
Tuesday, October 15th , 2024 - OOTP Baseball 25.9 Build 91